 Dungeon Crawl Stone Soup version 0.21.1-1-g345015fe64 (webtiles) character file.

2318 OlSheep the Thaumaturge (level 9, -5/49 HPs)
             Began as a Deep Elf Venom Mage on July 11, 2018.
             Was a Believer of Sif Muna.
             Slain by a two-headed ogre
             ... wielding a +0 giant spiked club
              (15 damage)
             ... on level 9 of the Dungeon on July 15, 2018.
             The game lasted 00:46:15 (9706 turns).

OlSheep the Thaumaturge (Deep Elf Venom Mage)       Turns: 9706, Time: 00:46:15

Health: -5/49      AC:  7    Str:  5    XL:     9   Next: 18%
Magic:  2/24       EV: 12    Int: 24    God:    Sif Muna [**....]
Gold:   322        SH:  0    Dex: 18    Spells: 12/27 levels left

rFire    + . .     SeeInvis +   r - +1 quarterstaff
rCold    + . .     Gourm    .   (shield currently unavailable)
rNeg     . . .     Faith    .   g - +1 leather armour
rPois    .         Spirit   .   (no helmet)
rElec    .         Reflect  .   p - scarf {rC+ rF+}
rCorr    .         Harm     .   u - +2 pair of gloves {Dex+3}
MR       .....                  (no boots)
Stlth    ++........             (no amulet)
HPRegen  0.16/turn              h - ring of see invisible
MPRegen  0.19/turn              n - ring of wizardry

@: divine energy
A: no striking features
a: Stop Divine Energy, Renounce Religion


You were on level 9 of the Dungeon.
You worshipped Sif Muna.
Sif Muna was pleased with you.
You were not hungry.

You visited 2 branches of the dungeon, and saw 10 of its levels.

You collected 322 gold pieces.

Inventory:

Hand Weapons
 r - a +1 quarterstaff (weapon)
 s - a +0 shortbow
Missiles
 m - 106 arrows
Armour
 g - a +1 leather armour (worn)
 o - a +0 chain mail
 p - a scarf of resistance (worn)
 u - a +2 pair of gloves of dexterity (worn)
Magical Staves
 z - an uncursed staff of cold
Jewellery
 h - a ring of see invisible (left hand)
 n - a ring of wizardry (right hand)
 v - an uncursed ring of protection from cold
 x - an uncursed ring of resist corrosion
Wands
 l - a wand of flame (34)
 w - a wand of random effects (33)
 y - a wand of iceblast (12)
Scrolls
 d - 2 scrolls of identify
 i - 2 scrolls of teleportation {unknown}
 j - 2 scrolls of enchant weapon
 k - 7 scrolls of remove curse
 A - a scroll of blinking {unknown}
 B - a scroll of summoning {unknown}
 D - a scroll of immolation
Potions
 a - 2 potions of lignification
 e - a potion of brilliance
 f - 2 potions of heal wounds {unknown}
 q - 2 potions of mutation
 t - a potion of curing
Books
 b - a Young Poisoner's Handbook

   Spells                             Type                      Level
   a - Sting                          Conjuration/Poison           1
   b - Poisonous Vapours              Poison/Air                   2
   c - Mephitic Cloud                 Conjuration/Poison/Air       3
   d - Olgreb's Toxic Radiance        Poison                       4
   e - Venom Bolt                     Conjuration/Poison           5
Comestibles
 c - 13 rations
 C - 4 chunks of flesh


   Skills:
 + Level 2.4 Fighting
 + Level 3.4 Staves
 + Level 1.5 Armour
 + Level 3.0 Dodging
 - Level 2.4 Stealth
 + Level 9.7 Spellcasting
 + Level 4.0 Conjurations
 + Level 4.4 Air Magic
 * Level 7.1 Poison Magic


You had 12 spell levels left.
You knew the following spells:

 Your Spells              Type           Power        Failure   Level  Hunger
a - Sting                 Conj/Pois      ####         1%          1    None
b - Poisonous Vapours     Pois/Air       #####.       1%          2    None
c - Mephitic Cloud        Conj/Pois/Air  #####...     1%          3    None
d - Olgreb's Toxic Radia  Pois           #####...     1%          4    #......
e - Venom Bolt            Conj/Pois      #####.....   10%         5    ####...


Dungeon Overview and Level Annotations

Branches:
Dungeon (9/15)             Temple (1/1) D:4
   Lair: D:8-11         Orc: D:9-12

Altars:
Ashenzari
Cheibriados
Dithmenos
Elyvilon
Fedhas
Gozag
Hepliaklqana
Kikubaaqudgha
Makhleb
Nemelex Xobeh
Okawaru
Qazlal
Ru
Sif Muna
Trog
Uskayaw
Vehumet
Wu Jian
Xom
Yredelemnul
The Shining One

Shops:
D:5 (   D:6 (

Annotations:
D:8 Gastronok


Message History

The two-headed ogre is almost dead.
The two-headed ogre seems less confused.
The two-headed ogre hits you with a giant spiked club!
The two-headed ogre closely misses you.
You hit the two-headed ogre but do no damage.
The two-headed ogre is almost dead.
The two-headed ogre hits you with a giant spiked club!!
Ouch! That really hurt!
* * * LOW HITPOINT WARNING * * *
The two-headed ogre closely misses you.
You are too injured to fight recklessly!
You are too injured to fight recklessly!
You are too injured to fight recklessly!
You are too injured to fight recklessly!
You are too injured to fight recklessly!
You closely miss the two-headed ogre.
The two-headed ogre is almost dead.
The two-headed ogre barely misses you.
The two-headed ogre hits you with a giant spiked club!
You die...

## #. #####.### ###
........# .(#
........# ###.###
........# #####...#.#
........####@....#.#.#
.........)..O###...<.#
........###### #####.#
#.####### .# ##


You could see a two-headed ogre.

Vanquished Creatures
  Psyche (D:8)
  Prince Ribbit (D:5)
  A spriggan (D:8)
  A black bear (D:6)
  4 ogres
  A centaur (D:7)
  A bullfrog (D:6)
  A wyvern skeleton (D:7)
  A crimson imp (D:7)
  3 jellies
  6 orc wizards
  4 orc priests
  3 hounds
  A bullfrog skeleton (D:7)
  Ijyb (D:4)
  2 iguanas
  3 worker ants
  A howler monkey zombie (D:6)
  10 adders
  4 gnolls (D:4)
  An ooze (D:3)
  2 worms
  2 adder skeletons
  2 dart slugs (D:2)
  8 leopard geckos
  17 orcs
  6 giant cockroaches
  7 goblins
  5 hobgoblins
  14 jackals
  4 quokkas
  4 ball pythons
  10 bats
  9 frilled lizards
  6 kobolds
  2 leopard gecko skeletons
  A quokka skeleton (D:9)
  5 rats
155 creatures vanquished.

Vanquished Creatures (others)
  An ogre (D:5)
  A crimson imp (D:6)
2 creatures vanquished.

Grand Total: 157 creatures vanquished

Notes
Turn   | Place    | Note
-------+----------+-------------------------------------------
     0 | D:1      | OlSheep the Deep Elf Venom Mage began the quest for the Orb.
     0 | D:1      | Reached XP level 1. HP: 10/10 MP: 6/6
   186 | D:1      | Reached XP level 2. HP: 15/15 MP: 6/8
   690 | D:2      | Learned a level 2 spell: Poisonous Vapours
   805 | D:2      | Reached XP level 3. HP: 19/19 MP: 2/10
  1113 | D:2      | Found a white marble altar of Elyvilon.
  1197 | D:2      | Reached skill level 4 in Spellcasting
  1202 | D:2      | Learned a level 3 spell: Mephitic Cloud
  1994 | D:3      | Reached skill level 1 in Air Magic
  1994 | D:3      | Reached XP level 4. HP: 14/24 MP: 4/12
  2501 | D:3      | Found a sacrificial altar of Ru.
  2795 | D:3      | Reached XP level 5. HP: 22/28 MP: 1/14
  3327 | D:4      | Noticed an ogre
  3333 | D:4      | Killed an ogre
  3333 | D:4      | Reached skill level 5 in Spellcasting
  3349 | D:4      | Reached skill level 1 in Staves
  3488 | D:4      | Reached XP level 6. HP: 33/33 MP: 10/15
  3881 | D:4      | Reached skill level 1 in Fighting
  3894 | D:4      | Reached skill level 5 in Poison Magic
  4143 | D:4      | Noticed Ijyb
  4150 | D:4      | Killed Ijyb
  4270 | D:4      | Found a staircase to the Ecumenical Temple.
  4279 | Temple   | Entered the Ecumenical Temple
  4420 | Temple   | Became a worshipper of Sif Muna the Loreminder
  4677 | D:4      | Reached skill level 6 in Spellcasting
  4677 | D:4      | Reached XP level 7. HP: 28/38 MP: 1/18
  5521 | D:5      | Entered Level 5 of the Dungeon
  5627 | D:5      | Noticed Prince Ribbit
  5655 | D:5      | Killed Prince Ribbit
  5877 | D:5      | Found a glowing golden altar of the Shining One.
  6193 | D:5      | Reached skill level 7 in Spellcasting
  6207 | D:5      | Reached * piety under Sif Muna
  6207 | D:5      | Reached XP level 8. HP: 18/44 MP: 0/20
  6375 | D:5      | Found Ryum's Antique Weapon Shoppe.
  6631 | D:6      | Found Toeh's Antique Weapon Boutique.
  6669 | D:6      | HP: 2/44 [acid (4)]
  7017 | D:6      | Found a shimmering altar of Xom.
  7200 | D:6      | Reached skill level 1 in Armour
  7200 | D:6      | Reached skill level 8 in Spellcasting
  7340 | D:6      | Found a stormy altar of Qazlal.
  8704 | D:7      | Learned a level 4 spell: Olgreb's Toxic Radiance
  8710 | D:7      | Learned a level 5 spell: Venom Bolt
  9001 | D:8      | Reached skill level 9 in Spellcasting
  9008 | D:8      | Reached ** piety under Sif Muna
  9151 | D:8      | Noticed Psyche
  9154 | D:8      | Noticed Gastronok
  9160 | D:8      | Killed Psyche
  9160 | D:8      | Reached XP level 9. HP: 49/49 MP: 8/24
  9667 | D:9      | Noticed a two-headed ogre
  9706 | D:9      | Slain by a two-headed ogre

Skill      XL: |  1  2  3  4  5  6  7  8  9 |
---------------+----------------------------+-----
Poison Magic   | 4 5 6 7 |  7.1
Spellcasting   | 4 5 6 7 9 |  9.7
Conjurations   | 2 3 4 |  4.0
Air Magic      | 1 2 3 4 |  4.4
Staves         | 1 2 3 |  3.4
Fighting       | 1 2 |  2.4
Armour         | 1 |  1.5
Dodging        | 3 |  3.0
Stealth        | |  2.4

Action                   |  1- 3 |  4- 6 |  7- 9 || total
-------------------------+-------+-------+-------++-------
Melee: Dagger            |     4 |       |       ||     4
       Falchion          |       |     2 |       ||     2
       Quarterstaff      |       |    23 |    98 ||   121
 Cast: Sting             |    52 |    53 |    73 ||   178
       Poisonous Vapours |    24 |    62 |    90 ||   176
       Mephitic Cloud    |       |     3 |    27 ||    30
       Venom Bolt        |       |       |     1 ||     1
Invok: Divine Energy     |       |       |     1 ||     1
  Use: Scroll            |     2 |     8 |     3 ||    13
       Potion            |       |       |     4 ||     4
 Stab: Confused          |       |       |     2 ||     2
       Sleeping          |       |       |     1 ||     1
  Eat: Chunk             |     4 |     8 |    16 ||    28
Armor: Robe              |     7 |     3 |       ||    10
       Leather armour    |       |     2 |    47 ||    49
Dodge: Dodged            |    12 |    29 |    74 ||   115
       Rpst.: Falchion   |       |     3 |       ||     3
